 Dungeon Crawl Stone Soup version 0.29-a0-275-g389c0b56f3 (webtiles) character file.

Game seed: 9270370886665223094

13654 Ordine the Thaumaturge (level 11, -16/66 HPs)
             Began as a Deep Elf Conjurer on Mar 12, 2022.
             Was a Believer of Vehumet.
             Demolished by a boulder beetle (57 damage)
             ... on level 11 of the Dungeon.
             The game lasted 00:44:43 (14843 turns).

Ordine the Thaumaturge (Deep Elf Conjurer)         Turns: 14843, Time: 00:44:44

Health: -16/66     AC: 13    Str:  4    XL:     11   Next: 78%
Magic:  9/28       EV: 16    Int: 28    God:    Vehumet [**....]
Gold:   431        SH:  0    Dex: 13    Spells: 19/32 levels left

rFire   . . .      SeeInvis .   a - staff of conjuration
rCold   . . .      Faith    .   M - orb {light}
rNeg    . . .      Spirit   .   G - +0 steam dragon scales
rPois   .          Reflect  .   e - +0 helmet
rElec   .          Harm     .   u - +0 cloak
rCorr   .          Rampage  .   E - +1 pair of gloves
Will    ++...      Clarity  +   F - +1 pair of boots
Stlth   ++........              y - amulet of magic regeneration
HPRegen 0.21/turn               l - ring of willpower
MPRegen 0.61/turn               (no ring)

@: glowing
A: iridescent scales 1, clarity, screaming 2
a: Renounce Religion


You were on level 11 of the Dungeon.
You worshipped Vehumet.
Vehumet was pleased with you.
You visited 2 branches of the dungeon, and saw 12 of its levels.
You also visited: Sewer.

You collected 821 gold pieces.
You spent 390 gold pieces at shops.

Inventory:

Hand Weapons
 K - the +8 autumn katana {vorpal, manifold assault}
   (You found it on level 8 of the Dungeon)

   It sometimes launches melee attacks against multiple visible enemies.
 L - the +8 hand axe of Desertification {pain, Dex+3}
   (You found it on level 9 of the Dungeon)

   In the hands of one skilled in necromantic magic, it inflicts extra damage on
   living creatures.
   Dex:       It affects your dexterity (+3).
Armour
 e - a +0 helmet (worn)
 u - a +0 cloak (worn)
 E - a +1 pair of gloves (worn)
 F - a +1 pair of boots (worn)
 G - +0 steam dragon scales (worn)
 M - an orb of light (worn)
Magical Staves
 a - a staff of conjuration (weapon)
Jewellery
 l - a ring of willpower (left hand)
 y - an amulet of magic regeneration (around neck)
Wands
 f - a wand of digging (7)
 p - a wand of polymorph (3)
 A - a wand of flame (21)
 C - a wand of charming (12)
 D - a wand of iceblast (7)
Scrolls
 c - 3 scrolls of vulnerability
 d - 3 scrolls of immolation
 g - a scroll of fear
 j - a scroll of enchant weapon
 k - 3 scrolls of brand weapon
 m - a scroll of torment
 q - 2 scrolls of acquirement
 s - 2 scrolls of holy word
 v - 2 scrolls of magic mapping
 x - 2 scrolls of fog
 z - 2 scrolls of teleportation
 I - 2 scrolls of blinking
Potions
 b - 2 potions of magic
 h - 4 potions of curing
 i - 3 potions of haste
 n - 4 potions of might
 o - 3 potions of cancellation
 r - 4 potions of lignification
 t - 5 potions of flight
 w - 2 potions of attraction
 B - a potion of berserk rage {unknown}
 H - a potion of degeneration {unknown}
 J - 2 potions of brilliance {unknown}


   Skills:
 + Level 6.8 Fighting
 + Level 10.2 Dodging
 - Level 11.0 Stealth
 + Level 11.2 Spellcasting
 + Level 10.2 Conjurations
 + Level 5.7 Earth Magic


You had 19 spell levels left.
You knew the following spells:

 Your Spells              Type           Power      Damage    Failure   Level
a - Magic Dart            Conj           100%       1d8       1%          1
b - Searing Ray           Conj           100%       2d8       1%          2
c - Iskenderun's Mystic   Conj/Tloc      61%        2d13      4%          4
d - Iron Shot             Conj/Erth      37%        9d7       21%         6

Your spell library contained the following spells:

 Spells                   Type           Power      Damage    Failure   Level
 Stone Arrow              Conj/Erth      100%       3d13      1%          3
 Static Discharge         Conj/Air       61%        N/A       1%          2
 Dazzling Flash           Conj/Hex       100%       N/A       1%          3
 Apportation              Tloc           30%        N/A       3%          1
 Pain                     Necr           60%        1d7       3%          1
 Sting                    Tmut/Pois      60%        1d6       3%          1
 Fulminant Prism          Conj/Hex       30%        3d16      4%          4
 Sticky Flame             Conj/Fire      61%        2d8       4%          4
 Poisonous Vapours        Pois/Air       30%        N/A       5%          2
 Animate Armour           Summ/Erth      62%        N/A       11%         4
 Dispel Undead            Necr           15%        3d10      34%         4
 Olgreb's Toxic Radiance  Pois           15%        N/A       34%         4
 Agony                    Necr           15%        N/A       69%         5
 Alistair's Intoxication  Tmut/Pois      10%        N/A       69%         5
 Blade Hands              Tmut           7%         N/A       69%         5
 Excruciating Wounds      Necr           7%         N/A       69%         5
 Silence                  Hex/Air        7%         N/A       69%         5


Dungeon Overview and Level Annotations

Branches:
Dungeon (11/15)            Temple (1/1) D:7           Sewer (visited)
   Lair: D:8-11         Orc: D:9-12

Altars:
Ashenzari
Cheibriados
Dithmenos
Elyvilon
Fedhas
Gozag
Hepliaklqana
Kikubaaqudgha
Makhleb
Nemelex Xobeh
Okawaru
Qazlal
Ru
Sif Muna
Trog
Uskayaw
Vehumet
Wu Jian
Xom
Yredelemnul
Zin
The Shining One

Shops:
D:6 [


Innate Abilities, Weirdness & Mutations

You are partially covered in iridescent scales. (AC +2)
You possess an exceptional clarity of mind.
You frequently scream uncontrollably at your foes.


Message History

The bunyip is heavily wounded.
The bunyip is knocked back by the mystic blast.
Casting: Iskenderun's Mystic Blast (dangerous; 4% risk of failure)
Confirm with . or Enter, or press ? or * to list all spells.
You feel a surge of power!
You erupt in a blast of force!
The mystic blast hits the bunyip!
The bunyip is severely wounded.
The bunyip is knocked back by the mystic blast.
Casting: Iskenderun's Mystic Blast (dangerous; 4% risk of failure)
Confirm with . or Enter, or press ? or * to list all spells.
You feel a surge of power!
You erupt in a blast of force!
The mystic blast hits the bunyip!
The bunyip is almost dead.
The bunyip is knocked back by the mystic blast.
Casting: Iskenderun's Mystic Blast (dangerous; 4% risk of failure)
Confirm with . or Enter, or press ? or * to list all spells.
You feel a surge of power!
You erupt in a blast of force!
The mystic blast hits the bunyip!
The bunyip is almost dead.
The bunyip is knocked back by the mystic blast.
The boulder beetle curls into a ball and begins rolling!
Casting: Iskenderun's Mystic Blast (dangerous; 4% risk of failure)
Confirm with . or Enter, or press ? or * to list all spells.
You feel a surge of power!
You erupt in a blast of force!
The mystic blast hits the bunyip!
You kill the bunyip!
Vehumet accepts your kill.
Casting: Iskenderun's Mystic Blast (dangerous; 4% risk of failure)
Confirm with . or Enter, or press ? or * to list all spells.
You feel a surge of power!
You erupt in a blast of force!
The mystic blast hits the boulder beetle but does no damage.
The boulder beetle hits you but does no damage.
The boulder beetle stops rolling and uncurls.
The boulder beetle curls into a ball and begins rolling!
The boulder beetle hits you!
The boulder beetle stops rolling and uncurls.
The boulder beetle curls into a ball and begins rolling!
The boulder beetle hits you!!!
Ouch! That really hurt!
You die...

##### ########## #...########
.........######...##.....#
..............'...##.###.######
.......#.######...#..#.........#
.#...#.#.# #..##..†.....###.#
.......#.# ##.##............
.#..##...#######.##.°..###.....
...........##..<@B○°.....#.###.#
.#..##.#...................# #
.....#.....................$.
.........#.#...#....##.......
.<.#............(#...........
....[..........#.#..#..).#.?.
.#..........................
.#.###.#..........#..#.....
.#.###.##..###.##.#........


You could see a boulder beetle (rolling).

Vanquished Creatures
  A bunyip (D:11)
  An ice dragon (D:11)
  2 hydras (D:10)
  2 two-headed ogres
  4 lindwurms (D:8)
  Maurice (D:8)
  A gargoyle (D:10)
  A kobold demonologist (D:9)
  A troll (D:11)
  A polar bear (D:11)
  A hornet (D:7)
  2 slime creatures (D:11)
  A shadow (D:11)
  5 yaks (D:9)
  3 wyverns
  2 steam dragons
  An acid dragon (D:11)
  A water moccasin (D:7)
  2 ice beasts
  4 sky beasts
  An orc warrior (D:9)
  A centaur (D:10)
  2 ogres
  4 phantoms (D:4)
  7 bullfrogs
  2 necrophages
  6 kobold brigands
  6 scorpions
  3 gnoll sergeants
  5 wights (D:9)
  6 howler monkeys
  2 electric eels (D:11)
  A gnoll shaman (D:4)
  3 orc priests
  4 jellies
  Jessica (D:3)
  2 iguanas (D:5)
  9 orc wizards
  A merfolk siren (Sewer)
  A merfolk avatar (Sewer)
  Robin (D:3)
  15 gnolls
  13 adders
  A river rat (Sewer)
  2 shadow imps
  4 white imps
  2 ufetubi
  A worm (D:2)
  2 dart slugs
  24 orcs
  12 ball pythons
  11 endoplasms
  6 giant cockroaches
  17 goblins
  12 hobgoblins
  3 jackals
  5 quokkas
  2 bats (D:1)
  5 frilled lizards (Sewer)
  29 kobolds
  25 rats
296 creatures vanquished.

Vanquished Creatures (others)
  17 fungi (D:11)
  12 plants (D:11)
29 creatures vanquished.

Grand Total: 325 creatures vanquished

Notes
Turn   | Place    | Note
-------+----------+-------------------------------------------
     0 | D:1      | Ordine the Deep Elf Conjurer began the quest for the Orb.
     0 | D:1      | Reached XP level 1. HP: 10/10 MP: 6/6
    84 | D:1      | Reached XP level 2. HP: 11/15 MP: 2/8
    87 | D:1      | Learned a level 2 spell: Searing Ray
   974 | D:1      | Found a faded altar of an unknown god.
  1036 | D:1      | Reached XP level 3. HP: 20/20 MP: 4/9
  1421 | D:2      | Reached skill level 1 in Fighting
  1554 | D:2      | Reached XP level 4. HP: 25/25 MP: 8/11
  2082 | D:3      | Learned a level 4 spell: Iskenderun's Mystic Blast
  2102 | D:3      | Noticed Jessica
  2105 | D:3      | Killed Jessica
  2358 | D:3      | Noticed a necrophage
  2363 | D:3      | Killed a necrophage
  2364 | D:3      | Reached skill level 5 in Conjurations
  2364 | D:3      | Reached XP level 5. HP: 28/30 MP: 5/13
  2553 | D:3      | Noticed Robin
  2672 | D:3      | Killed Robin
  3008 | D:4      | Noticed an ogre
  3013 | D:4      | Killed an ogre
  3014 | D:4      | Reached XP level 6. HP: 35/35 MP: 7/14
  3298 | D:4      | Reached skill level 5 in Stealth
  3298 | D:4      | Reached skill level 5 in Spellcasting
  3378 | D:4      | Reached XP level 7. HP: 40/40 MP: 11/16
  4131 | D:4      | Reached skill level 5 in Dodging
  4518 | D:5      | Entered Level 5 of the Dungeon
  4698 | D:5      | Reached XP level 8. HP: 26/46 MP: 9/19
  5833 | D:6      | Found a glowing drain.
  5854 | Sewer    | Entered a sewer
  6883 | D:6      | Found a blossoming altar of Fedhas.
  6884 | D:6      | Found a basalt altar of Yredelemnul.
  6885 | D:6      | Found a radiant altar of Vehumet.
  6888 | D:6      | Became a worshipper of Vehumet
  6956 | D:6      | Found Reshrub's Antique Armour Shoppe.
  6970 | D:6      | Bought a pair of embroidered gloves for 150 gold pieces
  6970 | D:6      | Bought a pair of embroidered boots for 150 gold pieces
  6992 | D:6      | Bought a cloak for 90 gold pieces
  7016 | D:6      | Reached XP level 9. HP: 52/52 MP: 16/22
  7287 | D:7      | Found a staircase to the Ecumenical Temple.
  7298 | Temple   | Entered the Ecumenical Temple
  7541 | D:7      | Paralysed by a hornet for 3 turns
  8884 | D:8      | Reached * piety under Vehumet
  8884 | D:8      | Offered knowledge of Shock by Vehumet.
  8900 | D:8      | Noticed Maurice
  8908 | D:8      | Killed Maurice
  8909 | D:8      | Reached skill level 5 in Fighting
  8916 | D:8      | Learned a level 6 spell: Iron Shot
  9021 | D:8      | Reached skill level 1 in Earth Magic
  9088 | D:8      | Noticed a lindwurm
  9163 | D:8      | Noticed a lindwurm
  9166 | D:8      | Noticed a lindwurm
  9228 | D:8      | Killed a lindwurm
  9229 | D:8      | Reached XP level 10. HP: 59/59 MP: 2/25
  9268 | D:8      | Noticed a lindwurm
  9327 | D:8      | Killed a lindwurm
  9407 | D:8      | Killed a lindwurm
  9608 | D:8      | Killed a lindwurm
  9637 | D:8      | Found the +8 autumn katana {vorpal, manifold assault}
  9759 | D:8      | Identified the +6 shortbow "Rumyemae" {venom, rF+}
 10109 | D:9      | Noticed a sixfirhy
 10436 | D:9      | Found a glowing silver altar of Zin.
 10443 | D:9      | Noticed a two-headed ogre
 10444 | D:9      | Identified 2 scrolls of acquirement
 10456 | D:9      | Killed a two-headed ogre
 10562 | D:9      | Reached skill level 10 in Spellcasting
 10568 | D:9      | Reached skill level 10 in Stealth
 10827 | D:9      | Reached ** piety under Vehumet
 10828 | D:9      | Offered knowledge of Foxfire by Vehumet.
 10829 | D:9      | Reached XP level 11. HP: 50/64 MP: 16/27
 10905 | D:9      | Identified the +8 hand axe of Desertification {pain, Dex+3}
 11106 | D:10     | Entered Level 10 of the Dungeon
 11224 | D:10     | Noticed a seven-headed hydra
 11256 | D:10     | Killed a seven-headed hydra
 11484 | D:10     | Noticed a six-headed hydra
 11492 | D:10     | Killed a six-headed hydra
 12098 | D:10     | Found an ancient bone altar of Kikubaaqudgha.
 12348 | D:11     | Noticed a two-headed ogre
 12360 | D:10     | Killed a two-headed ogre
 12442 | D:10     | Gained mutation: You expend magic power (3 MP) to
                  | strengthen your wands. [potion of mutation]
 12442 | D:10     | Gained mutation: You have a somewhat thin skeletal
                  | structure. (Dex +2, Stealth+) [potion of mutation]
 12447 | D:10     | Reached skill level 5 in Earth Magic
 12732 | D:10     | Lost mutation: You have a somewhat thin skeletal structure.
                  | (Dex +2, Stealth+) [potion of mutation]
 12732 | D:10     | Lost mutation: You expend magic power (3 MP) to strengthen
                  | your wands. [potion of mutation]
 12732 | D:10     | Gained mutation: You occasionally shout uncontrollably at
                  | your foes. [potion of mutation]
 12732 | D:10     | Gained mutation: You are resistant to electric shocks.
                  | (rElec) [potion of mutation]
 12732 | D:10     | Gained mutation: You have an increased reservoir of magic.
                  | (+10% MP) [potion of mutation]
 12732 | D:10     | Gained mutation: You passively map a small area around you.
                  | [potion of mutation]
 12733 | D:10     | Lost mutation: You have an increased reservoir of magic.
                  | (+10% MP) [potion of mutation]
 12733 | D:10     | Lost mutation: You are resistant to electric shocks.
                  | (rElec) [potion of mutation]
 12733 | D:10     | Gained mutation: You possess an exceptional clarity of
                  | mind. [potion of mutation]
 12733 | D:10     | Gained mutation: You have an increased reservoir of magic.
                  | (+10% MP) [potion of mutation]
 12733 | D:10     | Gained mutation: Your flesh is cold resistant. (rC+)
                  | [potion of mutation]
 12734 | D:10     | Lost mutation: You passively map a small area around you.
                  | [potion of mutation]
 12734 | D:10     | Lost mutation: You have an increased reservoir of magic.
                  | (+10% MP) [potion of mutation]
 12734 | D:10     | Lost mutation: Your flesh is cold resistant. (rC+) [potion
                  | of mutation]
 12734 | D:10     | Gained mutation: You frequently scream uncontrollably at
                  | your foes. [potion of mutation]
 12734 | D:10     | Gained mutation: You are partially covered in iridescent
                  | scales. (AC +2) [potion of mutation]
 12898 | D:11     | Noticed a boulder beetle
 12899 | D:11     | Noticed a boulder beetle
 13222 | D:11     | Noticed an ice dragon
 13222 | D:11     | a boulder beetle changed into an ice dragon
 13537 | D:11     | Killed an ice dragon
 13979 | D:11     | Reached skill level 10 in Conjurations
 14140 | D:11     | Noticed a boulder beetle
 14151 | D:11     | a boulder beetle changed into a polar bear
 14166 | D:11     | Reached skill level 10 in Dodging
 14568 | D:11     | Offered knowledge of Stone Arrow by Vehumet.
 14810 | D:11     | Noticed a boulder beetle
 14819 | D:11     | Noticed a bunyip
 14819 | D:11     | a boulder beetle changed into a bunyip
 14829 | D:11     | Killed a bunyip
 14843 | D:11     | Demolished by a boulder beetle

Illustrated notes

Levels and vault maps discovered:
D:1:      eino_arrival_water_cross, layout_basic,
          hellmonk_ecumenical_altar_prayer_group, serial_bayou_pond_e
D:2:      layout_basic
D:3:      layout_loops_ring, uniq_robin, uniq_jessica
D:4:      kb_forest_paths, layout_basic
D:5:      layout_rooms, palyth_stone_intersect
D:6:      layout_loops_ring, minitemple, cheibrodos_sewer_entry_drain,
          serial_shops, nicolae_shop_window_shopping, chequers_avenue
D:7:      minmay_evil_eye, layout_basic, minmay_temple_entry_glass
D:8:      layout_basic, minmay_lindwurm_lava, uniq_maurice
D:9:      layout_roguey, overflow_temple_1_default
D:10:     layout_loops_corners, lemuel_doored_altar, roderic_roman_lattice
D:11:     layout_basic, grunt_lair_entry_orc_guard_hut, minivault_10
Temple:   minmay_temple_bridge_d

Skill      XL: |  1  2  3  4  5  6  7  8  9 10 11 |
---------------+----------------------------------+-----
Stealth        | 3 4 5 6 7 9 10 11 | 11.0
Dodging        | 3 4 5 6 8 9 10 | 10.2
Fighting       | 1 2 3 4 5 6 |  6.8
Spellcasting   | 4 5 6 7 9 10 11 | 11.2
Conjurations   | 5 6 7 8 9 10 | 10.2
Earth Magic    | 1 4 5 |  5.7

Action                   |  1- 3 |  4- 6 |  7- 9 | 10-12 || total
-------------------------+-------+-------+-------+-------++-------
Melee: Staff             |       |       |     1 |       ||     1
 Cast: Magic Dart        |    83 |    68 |   275 |   249 ||   675
       Searing Ray       |     1 |    13 |    69 |    57 ||   140
       Iskenderun's Myst |       |       |     7 |    48 ||    55
Evoke: Wand              |       |       |       |    16 ||    16
  Use: Scroll            |       |       |     8 |     7 ||    15
       Potion            |       |       |       |     9 ||     9
Armor: Robe              |     4 |     1 |    21 |       ||    26
       Steam dragon scal |       |       |     8 |    39 ||    47
       Skin              |       |       |       |     3 ||     3
Dodge: Dodged            |     6 |     6 |    54 |    95 ||   161

Table legend: (Time is in decaauts)
 A = Elapsed time spent in this place.
 B = Non-inter-level travel time spent in this place.
 C = Inter-level travel time spent in this place.
 D = Time resting spent in this place.
 E = Time spent auto-exploring this place.
 F = Levels seen in this place.
 G = Mean time per level.
                   A        B        C        D        E       F      G
               +--------+--------+--------+--------+--------+-----+--------+
         Total |  14890 |  14320 |    570 |   2604 |   9549 |  13 | 1145.4 |
       Dungeon |  14130 |  13568 |    562 |   2542 |   9022 |  11 | 1284.5 |
        Temple |    232 |    224 |      8 |      0 |    213 |   1 |  232.0 |
         Sewer |    526 |    526 |      0 |     62 |    314 |   1 |  526.0 |
               +--------+--------+--------+--------+--------+-----+--------+

Top non-repeatable levels by time:
    D:10: 2489 daAuts
     D:4: 1697 daAuts
     D:8: 1583 daAuts
     D:1: 1250 daAuts
    D:11: 1224 daAuts
     D:7: 1198 daAuts
     D:6: 1197 daAuts
     D:3: 1034 daAuts
     D:5: 1022 daAuts
     D:9: 738 daAuts
     D:2: 695 daAuts
   Sewer: 526 daAuts
  Temple: 232 daAuts
